Map: Rainfall LE

Players

GeeoInwza - Winner!

  • Race: Protoss Protoss
  • League: Silver

A.I. 1 (Easy)

  • Race: Zerg Zerg

VOD

Have the link to the VOD?

Description

Time

  • Played on: Sept. 21, 2026, 1:25 p.m.
  • Length: 17:15
Show
View Real Time Build Order
Export as new Build Order

GeeoInwza Protoss - Winner!

Build Orders:  

Get SALT Encoding   

  8  0:01  Probe  
  9  0:13  Probe (Chrono Boost)  
  10  0:25  Probe (Chrono Boost)  
  11  0:33  Probe (Chrono Boost)  
  12  0:42  Probe  
  13  0:50  Pylon  
  13  1:08  Probe (Chrono Boost)  
  14  1:20  Probe (Chrono Boost)  
  15  1:25  Assimilator  
  15  1:27  Probe (Chrono Boost)  
  16  1:34  Gateway, Probe  
  17  1:46  Probe  
  18  1:58  Probe  
  19  2:07  Nexus  
  19  2:10  Probe  
  20  2:16  Pylon  
  20  2:21  Assimilator  
  20  2:30  Probe  
  21  2:42  Probe (Chrono Boost)  
  22  2:49  Cybernetics Core  
  22  2:54  Probe (Chrono Boost)  
  23  3:00  Probe (Chrono Boost)  
  24  3:08  Pylon  
  25  3:14  Probe (Chrono Boost)  
  25  3:19  Probe (Chrono Boost)  
  27  3:29  Probe (Chrono Boost)  
  27  3:30  Probe (Chrono Boost)  
  27  3:32  Warp Gate (Chrono Boost)  
  27  3:34  Probe (Chrono Boost)  
  27  3:37  Adept  
  30  3:45  Probe  
  31  3:53  Stargate  
  31  3:58  Probe  
  32  4:03  Shield Battery  
  32  4:08  Adept (Chrono Boost)  
  32  4:10  Probe  
  35  4:22  Probe  
  36  4:31  Gateway  
  36  4:33  Probe, Gateway  
  36  4:34  Probe, Oracle (Chrono Boost)  
  36  4:38  Assimilator  
  41  4:41  Adept  
  41  4:42  Assimilator  
  43  4:46  Probe  
  43  4:47  Probe  
  45  4:53  Pylon  
  45  4:57  Forge  
  45  4:58  Probe  
  46  5:10  Probe  
  47  5:19  Oracle (Chrono Boost)  
  47  5:22  Probe  
  47  5:27  Stalker  
  53  5:34  Probe  
  54  5:44  Probe  
  54  5:46  Probe  
  57  5:58  Probe (Chrono Boost)  
  57  5:59  Probe (Chrono Boost)  
  56  6:10  Probe (Chrono Boost)  
  57  6:24  Pylon  
  57  6:41  Probe  
  57  6:42  Void Ray, Probe  
  57  6:46  Stalker  
  65  6:52  Pylon  
  65  6:53  Probe  
  66  6:56  Pylon  
  66  7:03  Pylon  
  66  7:06  Pylon  
  66  7:09  Twilight Council  
  66  7:10  Probe x2  
  66  7:11  Robotics Facility  
  68  7:22  Probe  
  69  7:25  Void Ray  
  69  7:28  Probe  
  74  7:30  Pylon  
  74  7:34  Probe, Pylon  
  74  7:35  Nexus  
  75  7:39  Sentry x2  
  75  7:40  Sentry  
  82  7:46  Probe  
  83  7:58  Probe  
  84  8:02  Probe  
  84  8:06  Shield Battery  
  84  8:08  Shield Battery, Void Ray  
  84  8:09  Photon Cannon  
  84  8:10  Photon Cannon, Probe  
  84  8:11  Photon Cannon, Shield Battery  
  89  8:13  Photon Cannon  
  89  8:14  Probe, Shield Battery  
  89  8:16  Photon Cannon  
  90  8:22  Probe  
  90  8:26  Probe, Stalker x2  
  96  8:34  Probe  
  96  8:35  Protoss Ground Weapons Level 1  
  96  8:37  Protoss Air Weapons Level 1  
  96  8:38  Probe (Chrono Boost)  
  98  8:47  Probe (Chrono Boost)  
  99  8:48  Fleet Beacon  
  99  8:51  Void Ray  
  99  8:52  Sentry  
  99  8:54  Zealot  
  107  8:58  Probe (Chrono Boost)  
  107  9:01  Probe x2 (Chrono Boost)  
  110  9:03  Probe (Chrono Boost)  
  111  9:10  Probe x2  
  111  9:14  Probe  
  114  9:21  Assimilator  
  114  9:23  Assimilator  
  114  9:26  Probe, Stalker  
  114  9:27  Stalker  
  119  9:43  Pylon  
  119  9:46  Pylon  
  119  9:50  Pylon  
  119  9:55  Pylon  
  119  10:01  Void Ray, Probe  
  124  10:09  Gateway  
  124  10:10  Gateway  
  124  10:14  Gateway  
  124  10:15  Probe x3  
  124  10:16  Gateway  
  124  10:18  Gateway  
  124  10:20  Gateway  
  127  10:23  Gateway  
  127  10:27  Probe x2  
  127  10:28  Gateway  
  129  10:30  Gateway  
  129  10:32  Protoss Ground Weapons Level 2 (Chrono Boost)  
  137  10:44  Mothership  
  137  10:56  Flux Vanes  
  137  11:00  Charge  
  137  11:09  Protoss Air Weapons Level 2, Pylon  
  137  11:13  Pylon  
  137  11:14  Nexus  
  137  11:36  Templar Archives  
  137  11:38  Stalker x2, Dark Shrine  
  137  11:39  Stalker  
  143  11:40  Zealot x2  
  143  11:41  Zealot, Sentry  
  143  11:42  Sentry  
  143  11:43  Robotics Bay, Zealot  
  143  11:44  Adept  
  143  11:45  Adept x2  
  161  11:51  Tempest  
  165  12:06  Shield Battery  
  165  12:15  Shield Battery  
  165  12:16  Shield Battery  
  165  12:20  Shield Battery  
  165  12:22  Photon Cannon  
  165  12:23  Photon Cannon  
  165  12:24  Tempest  
  165  12:26  Photon Cannon, Probe  
  166  12:30  Photon Cannon  
  166  12:32  Photon Cannon  
  170  12:37  Pylon  
  170  12:38  Probe  
  170  12:40  Pylon  
  170  12:41  Blink  
  171  12:44  Pylon  
  171  12:50  Probe  
  172  13:03  Probe, Cybernetics Core  
  173  13:07  Tempest  
  173  13:10  Forge  
  177  13:15  Probe  
  178  13:20  Assimilator  
  178  13:22  Assimilator  
  178  13:33  Unknown  
  178  13:44  Protoss Air Weapons Level 3 (Chrono Boost)  
  178  13:47  Carrier (Chrono Boost)  
  178  13:55  Protoss Shields Level 1  
  184  14:02  Protoss Ground Weapons Level 3  
  184  14:06  Psionic Storm  
  178  14:39  Resonating Glaives (Chrono Boost)  
  178  14:41  Pylon  
  178  14:42  Carrier (Chrono Boost)  
  184  14:45  Pylon  
  184  14:47  Nexus  
  184  14:53  Probe  
  185  15:29  Carrier  
Show
View Real Time Build Order
Export as new Build Order

A.I. 1 (Easy) Zerg 

Build Orders: Pool First 

Get SALT Encoding   

  8  0:00  Drone  
  9  0:10  Drone  
  10  0:16  Drone  
  11  0:21  Drone  
  12  0:33  Overlord  
  12  0:51  Drone  
  12  0:55  Drone  
  14  0:59  Drone  
  14  1:04  Drone  
  16  1:10  Spawning Pool  
  15  1:11  Extractor  
  15  1:14  Drone  
  15  1:20  Drone  
  16  1:30  Overlord  
  16  1:57  Queen, Zergling x2  
  19  2:01  Roach Warren  
  19  2:03  Zergling x2  
  19  2:04  Drone  
  20  2:10  Zergling x2  
  21  2:20  Zergling x2  
  22  2:30  Overlord  
  22  2:40  Zergling x2  
  23  2:50  Zergling x2  
  24  3:00  Drone  
  24  3:04  Drone  
  26  3:08  Drone  
  28  3:12  Drone  
  28  3:17  Drone  
  29  3:21  Drone  
  30  3:30  Overlord  
  30  4:54  Roach, Overlord  
  30  4:55  Drone  
  30  4:56  Extractor, Lair  
  30  4:59  Drone  
  33  5:03  Drone  
  34  5:11  Roach  
  36  5:17  Drone  
  37  5:22  Drone  
  37  5:26  Drone  
  37  5:29  Roach  
  35  5:46  Zergling x2  
  36  5:55  Overseer, Hydralisk Den  
  36  5:56  Overseer  
  35  6:25  Hatchery, Drone  
  34  6:26  Hydralisk  
  36  6:44  Zergling x2  
  37  6:57  Hatchery, Drone  
  37  7:01  Hydralisk  
  39  7:53  Overseer, Overlord  
  39  8:09  Drone  
  40  8:14  Drone  
  40  8:15  Extractor  
  40  8:18  Drone  
  41  8:20  Extractor  
  41  8:22  Drone  
  41  8:26  Drone  
  42  8:31  Drone  
  43  8:35  Drone  
  43  8:39  Drone  
  45  8:44  Drone  
  45  8:48  Drone  
  47  8:52  Drone  
  48  8:56  Drone  
  48  8:58  Overlord  
  48  9:01  Drone  
  50  9:05  Drone, Pneumatized Carapace  
  50  9:06  Overseer  
  50  9:07  Infestation Pit  
  50  9:09  Spire, Drone  
  50  9:12  Evolution Chamber  
  50  9:14  Drone  
  50  9:17  Overlord  
  50  9:18  Drone  
  50  9:23  Drone  
  52  9:27  Drone  
  53  9:32  Drone  
  53  9:36  Drone  
  55  9:39  Zerg Melee Weapons Level 1  
  55  9:40  Drone  
  55  9:42  Zergling x2  
  55  9:44  Drone  
  57  9:46  Overlord  
  57  9:49  Hive, Drone  
  57  9:52  Overseer  
  50  9:53  Drone  
  50  9:57  Drone  
  52  10:16  Corruptor  
  52  10:18  Overseer  
  52  10:19  Overlord x2  
  52  11:04  Greater Spire  
  52  11:33  Zerg Ground Armor Level 1  
  52  12:14  Corruptor  
  52  12:15  Brood Lord  
  56  12:34  Hatchery  
  55  12:53  Corruptor, Brood Lord  
  59  13:23  Roach  
  59  13:24  Overlord, Zerg Flyer Weapons Level 1  
  61  13:28  Zerg Missile Weapons Level 1  
  61  13:29  Hydralisk  
  63  13:37  Roach  
  65  13:44  Overlord, Hydralisk  
  65  13:47  Drone  
  68  13:50  Overseer  
  68  13:52  Roach, Drone  
  70  13:57  Extractor  
  70  13:59  Roach  
  70  14:02  Overlord, Drone  
  64  14:06  Roach, Drone  
  67  14:10  Extractor  
  67  14:11  Drone  
  67  14:13  Hydralisk  
  67  14:16  Overseer  
  69  14:20  Drone, Overlord, Hydralisk  
  72  14:28  Zergling x2  
  73  14:35  Ravager x2  
  75  14:38  Overlord, Roach  
  77  14:46  Roach  
  79  15:17  Overseer, Overlord  
  79  15:18  Zerg Flyer Armor Level 1  
  79  16:34  Hydralisk  
  79  16:35  Overlord  
  79  16:37  Drone  
  78  16:42  Drone  
  78  16:46  Drone  
  69  16:49  Zergling x2  
  69  16:50  Drone  
  63  16:55  Drone, Overlord  
  63  16:59  Drone  
Tags
 
Add a new tag
Caveats
  • Supply blocks, unpowered buildings, or Contaminate may cause inaccurate times.
  • Supply counts are checked every 10 seconds.